 Dungeon Crawl Stone Soup version 0.28.0-45-g0d030f2227 (webtiles) character file.

Game seed: 11891641470743071715

179 sking99 the Skirmisher (level 5, 0/42 HPs)
             Began as a Demonspawn Fighter on May 15, 2022.
             Slain by a jelly (2 damage)
             ... on level 4 of the Dungeon.
             The game lasted 00:04:07 (2198 turns).

sking99 the Skirmisher (Demonspawn Fighter)         Turns: 2198, Time: 00:04:08

Health: 0/42       AC: -9    Str: 18    XL:     5   Next: 32%
Magic:  5/5        EV:  9    Int:  9    God:
Gold:   109        SH:  5    Dex: 13    Spells: 4/4 levels left

rFire   . . .      SeeInvis .   a - +0 trident
rCold   . . .      Faith    .   c - +0 buckler
rNeg    . . .      Spirit   .   b - +0 scale mail
rPois   .          Reflect  .   (no helmet)
rElec   .          Harm     .   (no cloak)
rCorr   .          Rampage  .   (no gloves)
Will    .....                   (no boots)
Stlth   ..........              (no amulet)
HPRegen 0.14/turn               (no ring)
MPRegen 0.09/turn               (no ring)

@: mighty, corroded
A: powered by pain 1, weakness stinger 2
a: no special abilities


You were on level 4 of the Dungeon.
You visited 1 branch of the dungeon, and saw 3 of its levels.

You collected 109 gold pieces.

Inventory:

Hand Weapons
 a - a +0 trident (weapon)
Armour
 b - a +0 scale mail (worn)
 c - a +0 buckler (worn)
Scrolls
 e - 3 scrolls of identify {unknown}
Potions
 f - 3 potions of brilliance {unknown}
 g - a potion of ambrosia {unknown}
 h - 3 potions of attraction {unknown}
 i - a potion of curing {unknown}


   Skills:
 + Level 3.9 Fighting
 * Level 3.8 Polearms
 - Level 2.6 Armour
 + Level 3.6 Shields


You had 4 spell levels left.
You didn't know any spells.
Your spell library contained the following spells:

 Spells                   Type           Power      Damage    Failure   Level
 Ozocubu's Armour         Ice            0%         N/A       99%         3
 Portal Projectile        Hex/Tloc       0%         N/A       99%         3
 Blade Hands              Tmut           0%         N/A       100%        5
 Excruciating Wounds      Necr           0%         N/A       100%        5
 Ozocubu's Refrigeration  Ice            0%         4d5       100%        7


Dungeon Overview and Level Annotations

Branches:
Dungeon (2/15)

Altars:


Innate Abilities, Weirdness & Mutations

You sometimes gain a little power by taking damage.
You have a tail ending in a sharp stinger.


Message History

The adder skeleton bites you but does no damage.
You hit the adder skeleton.
The adder skeleton is severely damaged.
The adder skeleton bites you.
You closely miss the adder skeleton.
The adder skeleton is severely damaged.
The adder skeleton closely misses you. The adder skeleton barely misses you.
You hit the adder skeleton.
You destroy the adder skeleton!
You start resting.
HP restored.
Found a stone staircase leading down.
Found a flail.
The jelly quivers.
The jelly jiggles.
You reach to attack!
You hit the jelly but do no damage. You puncture the jelly!
Your hands burn!
The jelly is heavily wounded.
The jelly hits you but does no damage. You block the jelly's attack.
You hit the jelly but do no damage.
Your hands burn!
The jelly is heavily wounded.
The jelly hits you. The acid corrodes you!
You are splashed with acid!
You puncture the jelly! The acid corrodes you!
Your hands burn!
The jelly is almost dead.
The jelly hits you. The acid corrodes you!
You are splashed with acid!
You focus on the pain.
You feel very mighty all of a sudden.
You completely miss the jelly.
The jelly is almost dead.
You block the jelly's attack.
You hit the jelly.
Your hands burn!
* * * LOW HITPOINT WARNING * * *
The jelly is almost dead.
The jelly hits you.
* * * LOW HITPOINT WARNING * * *
The acid corrodes you!
You are splashed with acid!
* * * LOW HITPOINT WARNING * * *
You barely miss the jelly.
The jelly is almost dead.
The jelly hits you.
You die...

#........# ##รท####.# #.
######.### ####.#....###
#. #.# #...........###.
#.# #.##............ ...
#.##..#.######.. .#.
###.##.....# #.. .. ..
#...##.....# #..
#.#.#.##.####>....#####..
.......J@# #.........##..
.#.#.#..# #.........##..
....#.# #.........##..
#.#.##.# ##............
>.... #.# #............
.#.# #.# ##....#####.#
... . #.# #..........#
)#.#. #.#######..#######
#.# ..........#


You could see a jelly.

Vanquished Creatures
  An ogre (D:4)
  A howler monkey (D:4)
  An adder (D:4)
  2 adder skeletons (D:4)
  4 ball pythons
  4 endoplasms
  A giant cockroach (D:1)
  3 goblins
  5 hobgoblins
  3 quokkas
  4 bats (D:1)
  4 frilled lizards
  2 kobolds
  A rat (D:2)
36 creatures vanquished.

Vanquished Creatures (others)
  4 toadstools (D:1)
4 creatures vanquished.

Grand Total: 40 creatures vanquished

Notes
Turn   | Place    | Note
-------+----------+-------------------------------------------
     0 | D:1      | sking99 the Demonspawn Fighter began the quest for the Orb.
     0 | D:1      | Reached XP level 1. HP: 18/18 MP: 1/1
   638 | D:1      | Gained mutation: You sometimes gain a little power by
                  | taking damage. [demonic ancestry]
   638 | D:1      | Reached XP level 2. HP: 21/24 MP: 2/2
  1592 | D:2      | Gained mutation: You have a small tail. [demonic ancestry]
  1592 | D:2      | Reached XP level 3. HP: 29/29 MP: 3/3
  1594 | D:2      | You fall into a shaft and drop 2 floors!
  1792 | D:4      | Reached XP level 4. HP: 29/36 MP: 4/4
  1977 | D:4      | Noticed an ogre
  1981 | D:4      | Killed an ogre
  1982 | D:4      | Gained mutation: You have a tail ending in a sharp stinger.
                  | [demonic ancestry]
  1982 | D:4      | Reached XP level 5. HP: 36/42 MP: 5/5
  2197 | D:4      | HP: 1/42 [acid (10)]
  2198 | D:4      | Slain by a jelly

Illustrated notes

Levels and vault maps discovered:
D:1:      ldierk_water_garden, layout_basic, st_stairs_9
D:2:      layout_loops_ring
D:4:      layout_loops_ring, minmay_temple_entry_slanted, st_stairs_10

Skill      XL: |  1  2  3 |
---------------+----------+-----
Polearms       | 2 3 |  3.8
Shields        | 3 |  3.6
Fighting       | |  3.9
Armour         | |  2.6

Action                   |  1- 3 |  4- 6 || total
-------------------------+-------+-------++-------
Melee: Trident           |   115 |    37 ||   152
       Tailslap          |     1 |     1 ||     2
  Use: Potion            |       |     1 ||     1
Armor: Scale mail        |    39 |     6 ||    45
Dodge: Dodged            |    44 |     8 ||    52
Block: Buckler           |    21 |     3 ||    24
